[Event "January 2 Late 2024"]
[Site "https://www.chess.com"]
[Date "2024.01.02"]
[Round "2"]
[White "Pakleza, Zbigniew"]
[Black "Pinero Rodriguez, Carlos Jose"]
[Result "1-0"]
[Board "62"]
[TimeControl "180+1"]
[WhiteFideId "1119290"]
[BlackFideId "3901726"]
[WhiteElo "2818"]
[BlackElo "2541"]
[WhiteTeam "POL"]
[BlackTeam "VEN"]
[WhiteClock "0:00:33"]
[BlackClock "0:00:09"]

1. d4 Nf6 2. Nf3 g6 3. Bf4 Bg7 4. e3 O-O 5. Be2 d6 6. O-O Nc6 7. h3 Nd7 8. Bh2 e5 9. c4 h6 10. Nc3 f5 11. dxe5 dxe5 12. Qd5+ Kh7 13. Rad1 Qe7 14. Qd2 Qf7 15. Nd5 Nc5 16. b4 Ne4 17. Qb2 f4 18. b5 Na5 19. Nxe5 Qf5 20. exf4 c6 21. Bg4 Bxe5 22. fxe5 Qf7 23. e6 Bxe6 24. Bxe6 Qxe6 25. Nc7 Qf7 26. Nxa8 Rxa8 27. Rd4 Ng5 28. Rfd1 Re8 29. Qb4 b6 30. Rd7 1-0

[Event "January 2 Late 2024"]
[Site "https://www.chess.com"]
[Date "2024.01.02"]
[Round "2"]
[White "Costachi, Mihnea"]
[Black "Kochiev, Ivan"]
[Result "1/2-1/2"]
[Board "63"]
[TimeControl "180+1"]
[WhiteFideId "1217518"]
[BlackFideId "2917890"]
[WhiteElo "2817"]
[BlackElo "2539"]
[WhiteTeam "ROU"]
[BlackTeam "BUL"]
[WhiteClock "0:01:09"]
[BlackClock "0:00:09"]

1. b4 d5 2. e3 e5 3. Bb2 Bd6 4. c4 dxc4 5. Bxc4 Nf6 6. a3 O-O 7. d4 exd4 8. Qxd4 Nc6 9. Qh4 Ne5 10. Be2 Ng6 11. Qd4 Qe7 12. Nf3 Bg4 13. Nc3 c5 14. bxc5 Bxc5 15. Qa4 Bd7 16. Qb3 Bc6 17. O-O Rad8 18. Rfd1 Ne4 19. Nxe4 Bxe4 20. Qc3 f6 21. Rac1 b6 22. Nd4 Nh4 23. g3 Nf5 24. Bc4+ Kh8 25. Ne6 Rxd1+ 26. Rxd1 Rc8 27. Qd2 Nd6 28. Ba2 Nf5 29. Nf4 Ba8 30. Bd5 Rd8 31. e4 Nd6 32. Bxa8 Rxa8 33. Qd5 Qxe4 34. Ne6 Qxd5 35. Rxd5 Ne4 36. Nxc5 Nxc5 37. Bd4 Ne6 38. Be3 g6 39. Rd6 Re8 40. Rd7 Ra8 41. Bh6 Kg8 42. f4 Re8 43. Rxa7 Nd4 44. Bg7 Re6 45. g4 Ne2+ 46. Kf2 Nxf4 47. h4 Nd3+ 48. Kg3 Ne5 49. g5 fxg5 50. hxg5 Nf7 51. Bf6 Nd6 52. Rg7+ Kf8 53. Rxh7 Ne4+ 54. Kf4 Nxf6 55. gxf6 Rxf6+ 56. Kg5 Rf3 57. Ra7 Rg3+ 58. Kf6 Ke8 59. Ke6 Kd8 60. Kd6 Ke8 61. Kc6 Rb3 62. Kd5 g5 63. Ke6 Re3+ 64. Kf5 Rg3 65. Ra6 g4 66. a4 Rg1 67. Rxb6 g3 68. Kg4 g2 69. Kg3 Ra1 70. Kxg2 Rxa4 71. Kf3 Kd7 72. Rh6 Kc7 73. Ke3 Rb4 74. Kd3 Ra4 75. Kc3 Rg4 76. Kd3 Rf4 77. Ke3 Ra4 78. Rg6 Rb4 79. Rf6 Ra4 80. Kd3 Rb4 81. Kc3 Rh4 82. Rg6 Rf4 83. Kd3 Rh4 84. Ra6 Rg4 85. Ke3 Rh4 86. Kf3 Rb4 87. Kg3 Rc4 88. Kf2 Rb4 89. Ke3 Rh4 90. Ra2 Rb4 91. Kd3 Rh4 92. Rb2 Rg4 93. Ke3 Rh4 94. Rc2+ Kd7 95. Kf3 Ra4 96. Rd2+ Ke7 97. Kg3 Rb4 98. Rd3 Ra4 99. Kf3 Rh4 100. Kg3 Rb4 101. Re3+ Kf7 102. Kf3 Rh4 103. Re5 Ra4 104. Ke3 Rh4 105. Rb5 Ra4 106. Kd3 Rg4 107. Rh5 Ra4 108. Kc3 Rf4 109. Kb3 Rg4 110. Re5 Rf4 111. Kc3 Rg4 112. Kd3 Rf4 113. Rd5 Rg4 114. Ke3 Ra4 115. Rd1 Rg4 116. Rh1 Ra4 117. Kd3 Rg4 118. Ra1 Rf4 119. Ke3 Rb4 120. Rc1 Ra4 1/2-1/2

[Event "January 2 Late 2024"]
[Site "https://www.chess.com"]
[Date "2024.01.02"]
[Round "2"]
[White "Asish Panda"]
[Black "Czarnota, Pawel"]
[Result "0-1"]
[Board "64"]
[TimeControl "180+1"]
[WhiteFideId "45012458"]
[BlackFideId "1121219"]
[WhiteElo "2539"]
[BlackElo "2816"]
[WhiteTeam "IND"]
[BlackTeam "POL"]
[WhiteClock "0:01:36"]
[BlackClock "0:01:57"]

1. e4 c5 2. Nf3 d6 3. d4 cxd4 4. Qxd4 Nf6 5. Nc3 Nc6 6. Qd2 g6 7. b3 Bg7 8. Bd3 Bg4 9. Bb2 Bxf3 10. gxf3 O-O 11. O-O-O a5 12. h4 Nh5 13. Kb1 Nb4 14. Be2 Rc8 15. f4 Nxf4 16. Qxf4 Bxc3 17. Bxc3 Rxc3 18. h5 e5 19. Qh6 Qc7 20. hxg6 Rxb3+ 0-1

[Event "January 2 Late 2024"]
[Site "https://www.chess.com"]
[Date "2024.01.02"]
[Round "2"]
[White "Cabarkapa, Novak"]
[Black "Ismayil, Malak"]
[Result "1-0"]
[Board "65"]
[TimeControl "180+1"]
[WhiteFideId "943746"]
[BlackFideId "13412604"]
[WhiteElo "2815"]
[BlackElo "2538"]
[WhiteTeam "SRB"]
[BlackTeam "AZE"]
[WhiteClock "0:00:59"]
[BlackClock "0:00:00"]

1. d4 Nf6 2. Nc3 d5 3. Bf4 e6 4. e3 Bb4 5. Ne2 O-O 6. g4 c5 7. a3 Bxc3+ 8. Nxc3 cxd4 9. exd4 Nc6 10. Bg2 Qb6 11. g5 Nd7 12. Ne2 Qxb2 13. O-O Qb5 14. h4 e5 15. Bg3 e4 16. h5 Nb6 17. h6 Bg4 18. hxg7 Rfe8 19. Re1 Bxe2 20. Rxe2 Qc4 21. Rd2 Rac8 22. Bh3 Rcd8 23. Bc7 Ra8 24. Qh5 Ne7 25. Be5 Qc6 26. f4 Nc4 27. Rh2 Qg6 28. Qe2 Nf5 29. Bg4 Nxe5 30. dxe5 Rac8 31. Rb1 b6 32. Rb3 Rc6 33. Rbh3 Nxg7 34. Rh6 d4 35. Rxg6 fxg6 36. Qxe4 Rc3 37. Qd5+ 1-0

[Event "January 2 Late 2024"]
[Site "https://www.chess.com"]
[Date "2024.01.02"]
[Round "2"]
[White "Rangel, Daniel"]
[Black "Seemann, Jakub"]
[Result "0-1"]
[Board "66"]
[TimeControl "180+1"]
[WhiteFideId "2124475"]
[BlackFideId "21874697"]
[WhiteElo "2537"]
[BlackElo "2811"]
[WhiteTeam "BRA"]
[BlackTeam "POL"]
[WhiteClock "0:00:00"]
[BlackClock "0:00:06"]

1. c4 Nf6 2. g3 e6 3. Bg2 d5 4. Nf3 Be7 5. O-O O-O 6. d4 c6 7. Qc2 a5 8. Nbd2 Na6 9. a3 b6 10. Ne5 Bb7 11. Rd1 Rc8 12. e4 c5 13. dxc5 Nxc5 14. exd5 exd5 15. b4 Ne6 16. Qb3 Qc7 17. Bb2 d4 18. Bxb7 Qxb7 19. bxa5 Qc7 20. Nef3 Bc5 21. axb6 Bxb6 22. a4 Rb8 23. Qc2 d3 24. Qc1 Ng4 25. Rf1 Bxf2+ 26. Rxf2 Nxf2 27. Kxf2 Qb6+ 28. Bd4 Nxd4 29. c5 Qf6 30. Qc3 Nxf3 31. Qxf6 gxf6 32. Kxf3 Rb2 33. Ne4 f5 34. Nd6 Rc2 35. Rd1 Rxc5 36. Rxd3 Ra5 37. Rd4 Rfa8 38. Rf4 Rxa4 39. Rxf5 Ra3+ 40. Kg4 R3a7 41. Ne4 Ra4 42. Rf4 Kg7 43. Kh3 f5 44. Ng5 Rxf4 45. Ne6+ Kf6 46. Nxf4 Ra2 47. Nh5+ Kg5 48. Nf4 h6 49. Ne6+ Kf6 50. Nf4 Rf2 51. Nd5+ Ke5 52. Ne7 Ke6 53. Ng6 Kd5 54. Nh4 Ke4 55. Ng6 Ra2 56. Nf4 Rb2 57. Ng6 Rf2 58. Nh4 f4 59. gxf4 Kxf4 60. Ng6+ Kg5 61. Nh4 Rf1 62. Kg3 Ra1 63. Nf3+ Kf5 0-1

[Event "January 2 Late 2024"]
[Site "https://www.chess.com"]
[Date "2024.01.02"]
[Round "2"]
[White "Chirilov, James A"]
[Black "Pham, Le Thao Nguyen"]
[Result "0-1"]
[Board "67"]
[TimeControl "180+1"]
[WhiteFideId "30976677"]
[BlackFideId "12401226"]
[WhiteElo "2810"]
[BlackElo "2535"]
[WhiteTeam "USA"]
[BlackTeam "VIE"]
[WhiteClock "0:00:04"]
[BlackClock "0:00:07"]

1. e4 c6 2. d4 d5 3. e5 Bf5 4. Nc3 e6 5. g4 Bg6 6. Nge2 c5 7. h4 h6 8. h5 Bh7 9. f4 Nc6 10. Be3 a6 11. Bg2 cxd4 12. Nxd4 Nge7 13. Nb3 Nb4 14. Rc1 Rc8 15. a3 Rxc3 16. bxc3 Na2 17. Ra1 Nxc3 18. Qd2 Qc7 19. O-O Ne4 20. Qd3 Ng3 21. f5 Nxf1 22. Rxf1 Nc6 23. Bf4 Bxa3 24. Qg3 Qb6+ 25. Kh1 Be7 26. Bh3 Bg5 27. f6 gxf6 28. exf6 Rg8 29. Bg2 Bxc2 30. Nd2 a5 31. Nf3 Bxf4 32. Qxf4 Be4 33. Qd6 Qd8 34. Qf4 Qb8 35. Qxh6 Qg3 36. g5 Bxf3 37. Rxf3 Qxg5 38. Qxg5 Rxg5 39. h6 Rh5+ 40. Bh3 Rxh6 41. Rb3 Nd8 42. Kg2 a4 43. Rb5 a3 44. Ra5 Rh4 45. Rxa3 Rf4 46. Ra8 Rxf6 47. Kg3 Rg6+ 48. Kf3 Ke7 49. Ke3 Rf6 50. Kd4 Rf4+ 51. Ke3 Rh4 52. Bf1 Re4+ 53. Kd2 Rb4 54. Kc3 Nc6 55. Bd3 Rb6 56. Kd2 Kd6 57. Rh8 f5 58. Rh7 Nd4 59. Rh6 Ke5 60. Rh2 Rb2+ 0-1

[Event "January 2 Late 2024"]
[Site "https://www.chess.com"]
[Date "2024.01.02"]
[Round "2"]
[White "Silva, Kaua Marques"]
[Black "Pichot, Alan"]
[Result "0-1"]
[Board "68"]
[TimeControl "180+1"]
[WhiteFideId "22701168"]
[BlackFideId "110973"]
[WhiteElo "2535"]
[BlackElo "2808"]
[WhiteTeam "BRA"]
[BlackTeam "ESP"]
[WhiteClock "0:00:01"]
[BlackClock "0:00:06"]

1. e4 c5 2. Nf3 e6 3. g3 Nc6 4. Bg2 Nf6 5. Qe2 e5 6. O-O d6 7. c3 Be7 8. d3 O-O 9. Bg5 h6 10. Bxf6 Bxf6 11. Nbd2 Rb8 12. a4 a6 13. Nc4 b5 14. axb5 axb5 15. Ne3 Ne7 16. Nd2 g6 17. h4 Bg7 18. h5 g5 19. Bf3 Be6 20. Bg4 Qd7 21. Ra6 Rfd8 22. Rfa1 Rb7 23. Qf3 Bxg4 24. Nxg4 Qe6 25. Nf1 c4 26. Nfe3 cxd3 27. Rd1 b4 28. c4 Rc7 29. Rxd3 Rc6 30. Ra5 Rcc8 31. b3 Nc6 32. Ra6 Nd4 33. Qd1 Ra8 34. Rxa8 Rxa8 35. Nd5 f5 36. Nc7 Qf7 37. Nxa8 fxg4 38. Qxg4 Qb7 39. Rxd4 exd4 40. Qe6+ Kh8 41. Qe8+ Kh7 42. Qg6+ Kh8 43. Qe8+ Kh7 44. Qg6+ Kg8 45. Qe8+ Bf8 46. Qg6+ Kh8 47. Qf6+ Bg7 48. Qd8+ Kh7 49. Nc7 Qxe4 50. Qxd6 d3 51. Ne6 d2 52. Nxg7 Qe1+ 53. Kh2 Qxf2+ 54. Kh3 Qf1+ 55. Kh2 Qe2+ 56. Kh3 d1=Q 57. Qg6+ Kh8 58. Qxh6+ Kg8 59. Qxg5 Qh1# 0-1

[Event "January 2 Late 2024"]
[Site "https://www.chess.com"]
[Date "2024.01.02"]
[Round "2"]
[White "Lashkin, Jegor"]
[Black "Kruckenhauser, Arthur"]
[Result "1-0"]
[Board "69"]
[TimeControl "180+1"]
[WhiteFideId "13907808"]
[BlackFideId "1642812"]
[WhiteElo "2794"]
[BlackElo "2532"]
[WhiteTeam "MDA"]
[BlackTeam "AUT"]
[WhiteClock "0:02:18"]
[BlackClock "0:01:45"]

1. d4 Nf6 2. c4 c5 3. d5 b5 4. cxb5 a6 5. bxa6 g6 6. Nc3 Bg7 7. e4 O-O 8. a7 Rxa7 9. Nf3 e6 10. Be2 exd5 11. exd5 d6 12. O-O Na6 13. Re1 Re8 14. Bf4 Ne4 15. Nb5 Rd7 16. Bd3 Nf6 17. Rxe8+ Nxe8 18. Qd2 Qf6 19. Re1 Re7 20. Bg5 Rxe1+ 21. Qxe1 Qxb2 22. Qxe8+ Bf8 23. Bh6 1-0

[Event "January 2 Late 2024"]
[Site "https://www.chess.com"]
[Date "2024.01.02"]
[Round "2"]
[White "Horak, Martin"]
[Black "Lagarde, Maxime"]
[Result "0-1"]
[Board "70"]
[TimeControl "180+1"]
[WhiteFideId "367095"]
[BlackFideId "662399"]
[WhiteElo "2530"]
[BlackElo "2789"]
[WhiteTeam "CZE"]
[BlackTeam "FRA"]
[WhiteClock "0:00:00"]
[BlackClock "0:00:19"]

1. e4 c6 2. Nf3 d5 3. Nc3 dxe4 4. Nxe4 Nf6 5. Qe2 Bg4 6. Nxf6+ gxf6 7. h3 Bh5 8. g3 Na6 9. Bg2 e6 10. c3 Be7 11. d4 Qd7 12. Bf4 Nc7 13. Ne5 Bxe2 14. Nxd7 Kxd7 15. Kxe2 Nd5 16. Bd2 b5 17. a4 b4 18. c4 Nc7 19. b3 a5 20. Rad1 f5 21. Kd3 h5 22. h4 Rag8 23. Bf3 Ne8 24. Rhe1 Nf6 25. Re2 Bd6 26. Kc2 Ng4 27. Bc1 Rg6 28. Bb2 Rc8 29. Kb1 Ke7 30. d5 cxd5 31. cxd5 Bc5 32. dxe6 Rxe6 33. Bxg4 fxg4 34. Red2 Rd6 35. Rxd6 Bxd6 36. Bd4 Rc6 37. Kb2 Ke6 38. Rd2 f5 39. Re2+ Kd5 40. Be3 Be5+ 41. Kb1 Rc3 42. Ka2 Rc6 43. Bd2 Bd4 44. Be3 Bxe3 45. Rxe3 Rc2+ 46. Kb1 Rxf2 47. Re8 Rf3 48. Kb2 Rxg3 49. Ra8 f4 50. Kb1 f3 51. Rxa5+ Ke4 52. Rb5 f2 53. Rxb4+ Ke3 0-1

[Event "January 2 Late 2024"]
[Site "https://www.chess.com"]
[Date "2024.01.02"]
[Round "2"]
[White "Chiu, Isaac"]
[Black "Tabuenca Mendataurigoitia, Daniel"]
[Result "1/2-1/2"]
[Board "71"]
[TimeControl "180+1"]
[WhiteFideId "30900654"]
[BlackFideId "24563617"]
[WhiteElo "2789"]
[BlackElo "2527"]
[WhiteTeam "USA"]
[BlackTeam "ESP"]
[WhiteClock "0:00:40"]
[BlackClock "0:00:05"]

1. d4 d6 2. e4 Nf6 3. Nc3 e5 4. Nf3 exd4 5. Nxd4 Be7 6. Be2 O-O 7. O-O Re8 8. Bf4 Bf8 9. Bf3 Nbd7 10. Re1 c6 11. a4 a5 12. Qd2 Ne5 13. Be2 Ng6 14. Bc4 h6 15. Bg3 Qb6 16. Bb3 Bd7 17. Nf5 Bxf5 18. exf5 Ne5 19. Bxe5 dxe5 20. Qd3 Rad8 21. Qc4 Nd5 22. Ne4 Qb4 23. Qe2 Be7 24. Qh5 Kf8 25. g3 Rd7 26. Rad1 Bf6 27. Kg2 Red8 28. Nxf6 Nxf6 29. Qe2 Rxd1 30. Rxd1 Rxd1 31. Qxd1 Ke7 32. Qd3 Qe4+ 33. Qxe4 Nxe4 34. f3 Nc5 35. Kf2 Nxb3 36. cxb3 Kd6 37. Ke3 Kc5 38. Kd3 Kb4 39. Kc2 b5 40. axb5 cxb5 41. g4 g5 42. fxg6 fxg6 43. h4 g5 44. h5 a4 45. bxa4 bxa4 46. Kc1 Kb3 47. Kb1 Kb4 48. Kc1 Kb5 49. Kd2 Kc4 50. Kc2 Kb4 51. Kc1 1/2-1/2

[Event "January 2 Late 2024"]
[Site "https://www.chess.com"]
[Date "2024.01.02"]
[Round "2"]
[White "Pinheiro, Iung Alicio de O."]
[Black "Goltsev, Dmitry"]
[Result "1-0"]
[Board "72"]
[TimeControl "180+1"]
[WhiteFideId "2104350"]
[BlackFideId "24176710"]
[WhiteElo "2526"]
[BlackElo "2785"]
[WhiteTeam "BRA"]
[BlackTeam "RUS"]
[WhiteClock "0:00:18"]
[BlackClock "0:00:06"]

1. d4 e6 2. Nf3 d5 3. e3 Nf6 4. Bd3 c5 5. b3 Nc6 6. O-O Bd6 7. Bb2 Qe7 8. Ne5 Nd7 9. f4 g6 10. Nxc6 bxc6 11. dxc5 Bxc5 12. Bxh8 Bxe3+ 13. Kh1 f6 14. Qe1 d4 15. Qh4 Kf8 16. Na3 Kg8 17. Nc4 Kxh8 18. Nxe3 dxe3 19. Bxg6 Ba6 20. Rfe1 Rg8 21. f5 exf5 22. Bxf5 e2 23. c4 Ne5 24. Rxe2 Qg7 25. Rd1 Bb7 26. Be4 Bc8 27. h3 f5 28. Bc2 Ng6 29. Qg5 h6 30. Qg3 a5 31. Red2 c5 32. Rd8 Be6 33. Rxg8+ Kxg8 34. Rd6 Kf7 35. Qe3 Ne5 36. Qf4 Qf6 37. Rd1 a4 38. Rf1 Ng6 39. Qxh6 a3 40. Qh7+ Kf8 41. Qh5 Ne7 42. Qf3 Qb2 43. Qe2 Bd7 44. Re1 Qf6 45. Qd2 Bc6 46. Qa5 Qh6 47. Qd8+ Kg7 48. Qxe7+ Kh8 49. Qd8+ Kg7 50. Re7+ Kg6 51. Re6+ Kh5 52. Bd1+ Bf3 53. Bxf3# 1-0

[Event "January 2 Late 2024"]
[Site "https://www.chess.com"]
[Date "2024.01.02"]
[Round "2"]
[White "Troff, Kayden"]
[Black "Dinu, Dumitru-Daniel"]
[Result "1-0"]
[Board "73"]
[TimeControl "180+1"]
[WhiteFideId "2047896"]
[BlackFideId "1208403"]
[WhiteElo "2783"]
[BlackElo "2525"]
[WhiteTeam "USA"]
[BlackTeam "ROU"]
[WhiteClock "0:00:18"]
[BlackClock "0:00:06"]

1. d4 Nf6 2. Nf3 d5 3. Bf4 c5 4. e3 Nc6 5. Nc3 a6 6. dxc5 e6 7. Na4 Bxc5 8. Nxc5 Qa5+ 9. c3 Qxc5 10. Bd3 Qe7 11. Ne5 Nd7 12. Nxc6 bxc6 13. O-O e5 14. Bg3 Nf6 15. c4 O-O 16. Rc1 d4 17. exd4 exd4 18. c5 Qd8 19. Qf3 Be6 20. Bd6 Re8 21. Qxc6 Bxa2 22. Qa4 Bd5 23. Qxd4 Bc6 24. Bf5 Ne4 25. Rfd1 Qg5 26. Bh3 Rad8 27. Qe3 Qg6 28. Qf4 Nf6 29. g3 Nd5 30. Qf5 Qh6 31. Bg2 Nb4 32. Bf4 Rxd1+ 33. Rxd1 Qe6 34. Qxe6 fxe6 35. Bxc6 Nxc6 36. Rd6 Rc8 37. Rxe6 Nb4 38. Be3 Kf7 39. Rb6 Nd5 40. Rb7+ Kg6 41. Bd4 Nf6 42. b4 Kf5 43. Rxg7 Nd5 44. Kg2 Nxb4 45. Rxh7 Nc6 46. Be3 Ke4 47. Rh4+ Kd3 48. Ra4 Ra8 49. h4 a5 50. h5 Kc3 51. h6 Kb3 52. Ra1 a4 53. Rb1+ Kc2 54. Rb6 Na5 55. Bd4 Nb3 56. Bg7 a3 57. h7 Nc1 58. h8=Q Rxh8 59. Bxh8 Nd3 60. c6 Nb2 61. c7 a2 62. Rxb2+ Kd1 63. c8=Q a1=Q 64. Qc2+ Ke1 65. Qe2# 1-0

[Event "January 2 Late 2024"]
[Site "https://www.chess.com"]
[Date "2024.01.02"]
[Round "2"]
[White "Leenhouts, Koen"]
[Black "Krzyzanowski, Marcin"]
[Result "0-1"]
[Board "74"]
[TimeControl "180+1"]
[WhiteFideId "1008439"]
[BlackFideId "1132199"]
[WhiteElo "2524"]
[BlackElo "2781"]
[WhiteTeam "NED"]
[BlackTeam "POL"]
[WhiteClock "0:00:00"]
[BlackClock "0:00:03"]

1. d4 Nf6 2. c4 e6 3. g3 c5 4. d5 exd5 5. cxd5 d6 6. Bg2 g6 7. Nc3 Bg7 8. Nf3 O-O 9. O-O Re8 10. Re1 Bg4 11. h3 Bxf3 12. Bxf3 Nbd7 13. Bg2 a6 14. a4 Rb8 15. Bf4 Ne5 16. Qc1 b5 17. axb5 axb5 18. Bh6 Nd3 19. exd3 Rxe1+ 20. Qxe1 Bxh6 21. Ra7 b4 22. Na4 b3 23. Nc3 Bg7 24. Bf3 Nd7 25. Kg2 Ne5 26. Qe4 Rb4 27. Qe2 Qb8 28. Ra1 Nxf3 29. Qxf3 Bxc3 30. bxc3 b2 31. Rb1 Rb3 32. Qf6 h5 33. g4 c4 34. dxc4 Qe8 35. gxh5 Qe4+ 36. Kh2 Qf5 37. Qxf5 gxf5 38. Kg3 Kg7 39. Kf4 Kf6 40. h6 Rxc3 41. Rxb2 Rxc4+ 42. Kg3 Rd4 43. Rb8 Kg6 44. h7 Kxh7 45. Re8 Kg6 46. Kf3 Rxd5 47. Kg3 Rd3+ 48. f3 Rd4 49. Re7 d5 50. Re8 Kf6 51. Rd8 Rd1 52. Ra8 d4 53. Kf4 d3 54. Ra6+ Kg7 55. Kxf5 Rf1 56. Rd6 Rxf3+ 57. Kg4 Re3 58. h4 f6 59. Kf4 Rh3 60. Kg4 Re3 61. Kf4 Rh3 62. Kg4 Rh1 63. Rxd3 Kg6 64. Kf4 Rxh4+ 65. Kg3 Ra4 66. Rd8 Kg5 67. Rb8 Ra3+ 68. Kg2 f5 69. Rb4 f4 70. Rb5+ Kg4 71. Rb8 Ra2+ 72. Kg1 Kg3 73. Rg8+ Kf3 74. Rb8 Ra1+ 75. Kh2 Re1 76. Rb3+ Re3 77. Rb4 Re2+ 78. Kg1 Re3 79. Kh2 Re4 0-1

[Event "January 2 Late 2024"]
[Site "https://www.chess.com"]
[Date "2024.01.02"]
[Round "2"]
[White "Wieczorek, Oskar"]
[Black "Przybylski, Wojciech"]
[Result "0-1"]
[Board "75"]
[TimeControl "180+1"]
[WhiteFideId "1133950"]
[BlackFideId "1117599"]
[WhiteElo "2770"]
[BlackElo "2524"]
[WhiteTeam "POL"]
[BlackTeam "POL"]
[WhiteClock "0:00:00"]
[BlackClock "0:00:02"]

1. e4 e5 2. Nf3 Nf6 3. Nc3 Bb4 4. Nxe5 O-O 5. Be2 Re8 6. Nd3 Bxc3 7. dxc3 Nxe4 8. O-O d5 9. Re1 c6 10. Bf1 Nd7 11. f3 Nef6 12. Be3 Nf8 13. Bf2 Rxe1 14. Qxe1 Bf5 15. Qd2 h6 16. a4 Ng6 17. a5 Nd7 18. a6 b6 19. Nb4 Rc8 20. Re1 Nf6 21. c4 Be6 22. c5 b5 23. Bd4 Nd7 24. c3 Qg5 25. Qxg5 hxg5 26. g3 Ngf8 27. Kf2 f6 28. h4 gxh4 29. gxh4 Kf7 30. Bd3 Ne5 31. Bf1 Nfd7 32. Kg3 Nc4 33. Nd3 Bf5 34. b4 Re8 35. Rxe8 Kxe8 36. Nf4 Nb8 37. Nh5 Kf7 38. Kf4 Bg6 39. Ng3 Nxa6 40. Bh3 Nb8 41. h5 Bd3 42. Nf5 g6 43. hxg6+ Kxg6 44. Ne7+ Kf7 45. Nc8 a5 46. bxa5 Nxa5 47. Nd6+ Ke7 48. Nc8+ Kf7 49. Nd6+ Ke7 50. Bf5 Bxf5 51. Kxf5 Nd7 52. Kg6 Nc4 53. Nf5+ Ke6 54. Ng7+ Ke7 55. Nf5+ Ke6 56. Ng7+ Ke7 57. Nh5 Nce5+ 58. Kf5 Nxf3 59. Bxf6+ Nxf6 60. Nxf6 Nd2 61. Ng8+ Kd7 62. Ke5 Ne4 63. Kd4 Ke6 64. Nh6 Nf2 65. Ke3 Nd1+ 66. Kd2 Nf2 67. Ke3 Ne4 68. Kd4 Nf6 69. Ke3 Nd7 70. Kd4 Nf6 71. Ke3 Nd7 72. Kd4 Ne5 73. Ke3 Nc4+ 74. Kd4 Ne5 75. Ke3 Kf6 76. Kd4 Nf3+ 77. Ke3 Ne5 78. Kd4 Ng6 79. Ng4+ Ke6 80. Ne3 Ne7 81. Nc2 Nf5+ 82. Kd3 Ng7 83. Nb4 Kd7 84. Kd4 Ne6+ 85. Ke5 Nxc5 86. Kd4 Ne6+ 87. Ke5 Nc5 88. Kd4 Kd6 89. Ke3 Ne6 90. Kd3 c5 91. Na2 Nf4+ 92. Ke3 Ng2+ 93. Kf2 Nh4 94. Ke3 Nf5+ 95. Kd3 Ng3 96. Nc1 Ke5 97. Ke3 Ne4 98. Nd3+ Kd6 99. c4 bxc4 100. Nf4 Nf6 101. Kd2 Ke5 102. Kc2 Kxf4 0-1

[Event "January 2 Late 2024"]
[Site "https://www.chess.com"]
[Date "2024.01.02"]
[Round "2"]
[White "Baches Garcia, Guillermo"]
[Black "Timmermans, Mark"]
[Result "0-1"]
[Board "76"]
[TimeControl "180+1"]
[WhiteFideId "2209764"]
[BlackFideId "1026399"]
[WhiteElo "2523"]
[BlackElo "2769"]
[WhiteTeam "ESP"]
[BlackTeam "NED"]
[WhiteClock "0:00:00"]
[BlackClock "0:00:25"]

1. d4 Nf6 2. Nf3 e6 3. Bg5 d5 4. Nbd2 Be7 5. e3 b6 6. Bd3 Bb7 7. c3 Ne4 8. Bxe7 Qxe7 9. Qc2 f5 10. Ne5 O-O 11. O-O Nd7 12. Ndf3 Nef6 13. Bb5 Nxe5 14. Nxe5 a6 15. Bc6 Bxc6 16. Nxc6 Qd6 17. Ne5 Nd7 18. Nxd7 Qxd7 19. c4 c6 20. Rac1 Rfc8 21. f4 b5 22. b3 bxc4 23. bxc4 c5 24. dxc5 Rxc5 25. Qd2 Rac8 26. cxd5 Rxd5 27. Rxc8+ Qxc8 28. Qb2 Rc5 29. h3 h6 30. Rd1 Qc6 31. Rd2 Kh7 32. Kh2 Rb5 33. Qd4 Rd5 34. Qb2 Rb5 35. Qd4 Rb1 36. Rb2 Re1 37. Qd2 Rf1 38. Rc2 Qb6 39. Rb2 Qc7 40. Rc2 Qb7 41. Rb2 Qe4 42. Rb4 Qc6 43. Rd4 Qb6 44. Rd7 Qb1 45. Kg3 Qe1+ 46. Qxe1 Rxe1 47. Kf3 Rf1+ 48. Kg3 Re1 49. Kf3 Rf1+ 50. Kg3 Ra1 51. Rd6 Rxa2 52. Rxe6 a5 53. Kf3 a4 54. Ra6 h5 55. g4 hxg4+ 56. hxg4 g6 57. gxf5 gxf5 58. e4 Ra3+ 59. Ke2 fxe4 60. Re6 Ra1 61. Rxe4 a3 0-1

[Event "January 2 Late 2024"]
[Site "https://www.chess.com"]
[Date "2024.01.02"]
[Round "2"]
[White "Novozhilov, Semen"]
[Black "Ljukin, Sergei"]
[Result "0-1"]
[Board "77"]
[TimeControl "180+1"]
[WhiteFideId "24289167"]
[BlackFideId "14102200"]
[WhiteElo "2752"]
[BlackElo "2523"]
[WhiteTeam "RUS"]
[BlackTeam "UKR"]
[WhiteClock "0:01:13"]
[BlackClock "0:00:10"]

1. d4 d5 2. c4 c6 3. cxd5 cxd5 4. Bg5 h6 5. Bh4 g5 6. Bg3 Nf6 7. Nc3 Nc6 8. e3 Bf5 9. Bd3 Ne4 10. Qb3 Nxg3 11. Qxb7 Rc8 12. Bb5 Nxh1 13. Bxc6+ Bd7 14. Bxd5 e6 15. Bf3 Rb8 16. Qxa7 Rxb2 17. Nge2 Bb4 18. Rc1 O-O 19. g3 Nxf2 20. Kxf2 Bxc3 21. Rxc3 Bb5 22. a4 Bxe2 23. Bxe2 Qf6+ 24. Ke1 Rfb8 25. Qc7 Rb1+ 26. Kd2 Qf2 27. Rc2 Qe1+ 28. Kd3 R8b3+ 29. Ke4 Qf2 30. Ke5 Qxe3+ 31. Kf6 Qf2+ 32. Ke5 Qf5+ 33. Kd6 Qd5+ 34. Ke7 Rb7 35. Bb5 Rxc7+ 36. Rxc7 Qxd4 37. Be8 Qe5 38. Bxf7+ Kg7 39. Rd7 Rb8 40. Bxe6 Qf6+ 41. Kd6+ Kg6 42. a5 Ra8 43. g4 Ra6+ 44. Kc5 Qxe6 45. Rg7+ Kxg7 46. Kb4 Qc6 0-1

[Event "January 2 Late 2024"]
[Site "https://www.chess.com"]
[Date "2024.01.02"]
[Round "2"]
[White "Ferreira, Vitor Hugo Vieira"]
[Black "Song, Ethan"]
[Result "0-1"]
[Board "78"]
[TimeControl "180+1"]
[WhiteFideId "2119765"]
[BlackFideId "62900412"]
[WhiteElo "2522"]
[BlackElo "2746"]
[WhiteTeam "BRA"]
[BlackTeam "CAN"]
[WhiteClock "0:00:08"]
[BlackClock "0:00:42"]

1. c4 e5 2. g3 Nf6 3. Bg2 c6 4. Nf3 e4 5. Nd4 d5 6. cxd5 cxd5 7. O-O Nc6 8. Nxc6 bxc6 9. d3 exd3 10. Qxd3 Bd6 11. Nc3 O-O 12. e4 Qa5 13. Rd1 Ba6 14. Qc2 Rac8 15. Bg5 Be5 16. Bd2 d4 17. Nd5 Qd8 18. Nb4 Bb7 19. Nd3 Bb8 20. Nc5 Ba8 21. Rac1 Qb6 22. Bg5 Rcd8 23. Bxf6 gxf6 24. Qe2 Bd6 25. Nd7 Qc7 26. Nxf8 Bxf8 27. Bh3 c5 28. Bf5 h6 29. b4 Qb6 30. bxc5 Bxc5 31. Qg4+ Kh8 32. Qh5 Kg7 33. Rd3 Bb4 34. Rb1 Qd6 35. Qf3 a5 36. a3 Bc3 37. Rbd1 Qe7 38. Rxc3 dxc3 39. Rxd8 Qxd8 40. Qxc3 Qd1+ 41. Kg2 Qe2 42. Qf3 Qb5 43. Qg4+ Kh8 44. Qh5 Bxe4+ 45. f3 Qxf5 46. Qxf7 Qxf3+ 47. Kh3 Bf5+ 48. Kh4 Qg4# 0-1

[Event "January 2 Late 2024"]
[Site "https://www.chess.com"]
[Date "2024.01.02"]
[Round "2"]
[White "Tristan, Leonardo"]
[Black "Kolb, Tobias"]
[Result "1-0"]
[Board "79"]
[TimeControl "180+1"]
[WhiteFideId "113816"]
[BlackFideId "12992321"]
[WhiteElo "2745"]
[BlackElo "2521"]
[WhiteTeam "ARG"]
[BlackTeam "GER"]
[WhiteClock "0:02:07"]
[BlackClock "0:01:07"]

1. d4 d5 2. Nf3 Nf6 3. Bf4 c5 4. e3 Nc6 5. c3 cxd4 6. exd4 Bg4 7. Nbd2 e6 8. Qb3 Bd6 9. Qxb7 Bxf4 10. Qxc6+ Kf8 11. Ne5 Bxd2+ 12. Kxd2 Bh5 13. f3 Rc8 14. Qa6 Rb8 15. Qa3+ Kg8 16. Nc6 Qc7 17. Ne7+ 1-0

[Event "January 2 Late 2024"]
[Site "https://www.chess.com"]
[Date "2024.01.02"]
[Round "2"]
[White "Lewicki, Miroslaw"]
[Black "Msellek, Ilyass"]
[Result "1-0"]
[Board "80"]
[TimeControl "180+1"]
[WhiteFideId "1113380"]
[BlackFideId "675938"]
[WhiteElo "2519"]
[BlackElo "2745"]
[WhiteTeam "POL"]
[BlackTeam "MAR"]
[WhiteClock "0:00:42"]
[BlackClock "0:00:03"]

1. g3 Nf6 2. Bg2 g6 3. Nf3 Bg7 4. O-O O-O 5. c3 d6 6. d4 Nbd7 7. Re1 e5 8. e4 c6 9. Nbd2 b5 10. b3 Re8 11. Bb2 a5 12. c4 b4 13. c5 exd4 14. cxd6 c5 15. h3 Bb7 16. e5 Nd5 17. Nc4 Nc3 18. Qd3 a4 19. Bc1 axb3 20. Bg5 f6 21. exf6 Rxe1+ 22. Rxe1 Bxf6 23. Bxf6 Qxf6 24. axb3 Rf8 25. Re7 Rf7 26. Rxd7 Rxd7 27. Nfe5 Bxg2 28. Nxd7 Qe6 29. Nxc5 Qd5 30. d7 Bh1 31. Ne3 Ne2+ 32. Kh2 Qd6 33. Qxe2 dxe3 34. Qxe3 Bc6 35. Qe8+ Qf8 36. Qxf8+ Kxf8 37. d8=Q+ 1-0